 Dungeon Crawl Stone Soup version 0.32-a0-900-g30fb1b0edc (webtiles) character file.

Game seed: 10822139864989720722

16 GiantSquids the Chopper (level 2, 0/26 HPs)
             Began as a Mountain Dwarf Fighter on Apr 5, 2024.
             Slain by a goblin
             ... wielding a +0 dagger
              (1 damage)
             ... on level 1 of the Dungeon.
             The game lasted 00:00:19 (126 turns).

GiantSquids the Chopper (Mountain Dwarf Fighter)     Turns: 126, Time: 00:00:20

Health: 0/26       AC:  6    Str: 18    XL:     2   Next: 37%
Magic:  2/2        EV:  8    Int:  8    God:
Gold:   0          SH:  4    Dex:  9    Spells: 1/1 levels left

rFire   . . .        a - +0 war axe
rCold   . . .        c - +0 buckler
rNeg    . . .        b - +0 scale mail
rPois   .            (no helmet)
rElec   .            (no cloak)
rCorr   .            (no gloves)
SInv    .            (no boots)
Will    .....        (no amulet) Stlth
                     (no ring)
HPRegen 0.24/turn    (no ring)
MPRegen 0.08/turn

%: no passive effects
@: no status effects
A: runic magic, artefact enchanting
a: no special abilities


You were on level 1 of the Dungeon.
You visited 1 branch of the dungeon, and saw 1 of its levels.

Inventory:

Hand Weapons
 a - a +0 war axe (weapon)
Armour
 b - a +0 scale mail (worn)
 c - a +0 buckler (worn)
Scrolls
 e - 2 scrolls of blinking {unknown}
 f - a scroll of immolation {unknown}
Potions
 d - a potion of might
 g - a potion of heal wounds {unknown}


   Skills:
 - Level 3.2 Fighting
 + Level 3.7 Axes
 - Level 3.2 Armour
 - Level 3.2 Shields


You had one spell level left.
You didn't know any spells.
Your spell library was empty.

Dungeon Overview and Level Annotations

Branches:
Dungeon (1/15)

Altars:


Innate Abilities, Weirdness & Mutations

Your spellcasting is much less encumbered by armour.
You can use scrolls of enchantment on lesser artefacts.


Message History

The bat barely misses you. The gnoll hits you with a +0 spear.
You slash the gnoll!
The gnoll is severely wounded.
You block the bat's attack. The gnoll closely misses you.
The gnoll hits you with a +0 spear.
A goblin comes into view. It is wielding a +0 dagger.
You barely miss the gnoll.
The gnoll is severely wounded.
The goblin shouts!
You block the bat's attack. The bat hits you but does no damage.
You block the bat's attack. The gnoll hits you with a +0 spear.
You closely miss the gnoll.
The gnoll is severely wounded.
You hit the bat. The bat hits you. The bat hits you but does no damage.
The gnoll hits you but does no damage. The bat hits you but does no damage.
You hit the gnoll but do no damage.
The gnoll is severely wounded.
You barely miss the bat. The bat hits you.
The gnoll hits you but does no damage. The bat barely misses you.
The gnoll hits you with a +0 spear.
* * * LOW HITPOINT WARNING * * *
You hit the gnoll.
The gnoll is almost dead.
You barely miss the bat. The bat hits you but does no damage.
You block the gnoll's attack. The bat closely misses you.
You hit the gnoll.
You kill the gnoll!
You closely miss the bat. The bat hits you but does no damage.
The goblin hits you with a +0 dagger.
* * * LOW HITPOINT WARNING * * *
You have reached level 2!
You completely miss the goblin. You barely miss the bat.
The bat barely misses you. The goblin hits you but does no damage.
You closely miss the goblin. The bat closely misses you.
The goblin hits you with a +0 dagger.
* * * LOW HITPOINT WARNING * * *
You closely miss the goblin. You closely miss the bat.
The bat barely misses you. The bat closely misses you.
The goblin hits you with a +0 dagger.
You die...

#.. .. .. ...# #.. ##.##
#.# #..#######.. ###....
.[###..........#
......##.##..........##
#..#.......#..##.#.#.#
.......$.)...#......
###.##)#†.# #..##.#.#..
......g@..####..........
.......##..........###.#
.##......######.##.....#
#..###. #.######## #..
#. #.# ## #. #.# .. #.#
## #.#


You could see a goblin.

Vanquished Creatures
  A gnoll (D:1)
  A bat (D:1)
  2 giant cockroaches (D:1)
  2 rats (D:1)
6 creatures vanquished.

Notes
Turn   | Place    | Note
-------+----------+-------------------------------------------
     0 | D:1      | GiantSquids the Mountain Dwarf Fighter began the quest for
                  | the Orb.
     0 | D:1      | Reached XP level 1. HP: 19/19 MP: 1/1
   124 | D:1      | Reached XP level 2. HP: 2/26 MP: 2/2
   125 | D:1      | HP: 1/26 [goblin/+0 dagger (2)]
   126 | D:1      | Slain by a goblin

Illustrated notes

Levels and vault maps discovered:
D:1:      dpeg_arrival_lava_altar, layout_loops_ring, kennysheep_minor_cross,
          st_stairs_8, hex_tiny, chequers_jeans

Skill      XL: |  1 |
---------------+----+-----
Axes           | 3 |  3.7
Fighting       | |  3.2
Armour         | |  3.2
Shields        | |  3.2

Action                     || total
---------------------------++-------
  Melee: War axe           ||    40
 Armour: Scale mail        ||    52
  Dodge: Dodged            ||    38
  Block: Buckler           ||    20

Table legend: (Time is in decaauts)
 A = Elapsed time spent in this place.
 B = Non-inter-level travel time spent in this place.
 C = Inter-level travel time spent in this place.
 D = Time resting spent in this place.
 E = Time spent auto-exploring this place.
 F = Levels seen in this place.
 G = Mean time per level.
                   A        B        C        D        E       F      G
               +--------+--------+--------+--------+--------+-----+--------+
         Total |    141 |    141 |      0 |      0 |     62 |   1 |  141.0 |
       Dungeon |    141 |    141 |      0 |      0 |     62 |   1 |  141.0 |
               +--------+--------+--------+--------+--------+-----+--------+

Top non-repeatable levels by time:
     D:1: 141 daAuts
